Map: Lightshade LE

Players

Duke

  • Race: Zerg Zerg
  • League: Diamond
  • Spawn Location: 5:00

A.I. 1 (Very Easy) - Winner!

  • Race: Terran Terran
  • Spawn Location: 11:00

VOD

Have the link to the VOD?

Description

Time

  • Played on: Feb. 13, 2021, 2:46 p.m.
  • Length: 9:53
Show
View Real Time Build Order
Export as new Build Order

Duke Zerg 

Build Orders: Hatch First 

Get SALT Encoding   

  12  0:00  Drone  
  13  0:13  Overlord  
  13  0:17  Drone  
  14  0:31  Drone x2  
  16  0:48  Hatchery  
  15  0:51  Drone  
  15  0:55  Drone  
  17  0:58  Drone  
  18  1:13  Spawning Pool  
  18  1:15  Drone  
  18  1:18  Drone  
  18  1:24  Extractor  
  18  1:29  Drone  
  20  1:40  Drone  
  20  1:52  Drone  
  21  1:59  Overlord  
  21  2:00  Queen x2  
  25  2:02  Drone  
  26  2:11  Zergling x2  
  26  2:12  Zergling x2  
  28  2:21  Drone  
  29  2:23  Drone  
  30  2:33  Drone x2  
  32  2:37  Roach Warren  
  32  2:38  Extractor  
  32  2:42  Extractor  
  32  2:43  Drone  
  30  2:45  Overlord  
  30  2:54  Overlord  
  30  3:17  Roach x8  
  30  3:18  Roach  
  48  3:26  Overlord  
  48  3:31  Overlord  
  48  3:37  Drone  
  48  3:38  Drone x2  
  48  3:40  Drone  
  52  3:44  Drone  
  52  3:46  Drone  
  54  3:50  Drone  
  54  3:51  Drone  
  54  3:54  Drone  
  57  3:57  Drone  
  57  4:01  Drone  
  59  4:05  Ravager x4  
  63  4:18  Hatchery  
  63  4:19  Drone  
  63  4:21  Drone  
  63  4:23  Drone  
  65  4:27  Drone x2  
  65  4:28  Drone  
  68  4:33  Evolution Chamber  
  68  4:34  Evolution Chamber  
  65  4:39  Overlord  
  65  4:44  Metabolic Boost  
  65  4:46  Drone  
  65  4:47  Drone  
  65  4:52  Drone  
  68  4:59  Zerg Melee Weapons Level 1  
  68  5:00  Zerg Missile Weapons Level 1  
  68  5:01  Queen  
  68  5:04  Drone  
  71  5:08  Lair  
  71  5:12  Overlord  
  71  5:16  Drone x2  
  71  5:21  Baneling Nest, Drone  
  72  5:22  Drone  
  72  5:27  Drone x2  
  76  5:31  Drone x2  
  78  5:36  Queen  
  78  5:39  Drone x3  
  78  5:42  Overlord  
  83  5:45  Drone  
  83  5:46  Drone  
  83  5:47  Drone  
  83  5:48  Drone  
  87  5:50  Drone  
  87  5:52  Drone  
  87  5:54  Overlord  
  87  5:56  Drone  
  90  6:06  Centrifical Hooks, Hydralisk Den  
  90  6:10  Extractor x2, Drone x2  
  90  6:11  Drone x2, Overlord  
  91  6:15  Queen  
  93  6:19  Queen  
  93  6:21  Queen  
  93  6:25  Zergling x6  
  100  6:27  Zergling x4  
  100  6:28  Zergling x2  
  100  6:31  Zergling x4  
  105  6:33  Zergling x4  
  105  6:35  Grooved Spines  
  105  6:36  Zergling x2  
  105  6:38  Zergling x2  
  105  6:39  Overlord  
  109  6:47  Zergling x2  
  109  6:48  Zergling x4  
  109  6:49  Zergling x2  
  109  6:50  Zergling x2  
  109  6:54  Zerg Ground Armor Level 1, Zerg Missile Weapons Level 2  
  114  6:56  Overlord  
  114  7:00  Zergling x8  
  114  7:01  Zergling x4  
  120  7:07  Overlord  
  120  7:11  Baneling  
  120  7:12  Baneling x7, Hydralisk  
  120  7:14  Overlord  
  122  7:18  Hydralisk  
  122  7:20  Hydralisk  
  122  7:21  Hydralisk  
  128  7:27  Hydralisk x3  
  128  7:28  Hydralisk  
  136  7:30  Zergling x4  
  136  7:32  Overlord  
  136  7:34  Zergling x4  
  140  7:37  Zergling x4  
  140  7:40  Hydralisk  
  144  7:45  Hydralisk  
  144  7:49  Overlord  
  144  7:51  Hydralisk  
  146  7:55  Baneling  
  146  7:56  Baneling x8  
  146  7:57  Zergling x8  
  146  7:58  Zergling x4  
  153  8:01  Overlord  
  153  8:05  Muscular Augments  
  154  8:10  Zergling x12  
  154  8:11  Zergling x2  
  161  8:16  Overlord  
  161  8:21  Hatchery  
  161  8:23  Zergling x2  
  161  8:24  Zergling x2  
  162  8:30  Zergling x12  
  162  8:31  Zergling x2  
  162  8:32  Zergling x2  
  170  8:35  Overlord  
  170  8:39  Zergling x2  
  170  8:40  Zergling x4  
  173  8:45  Zergling x4  
  173  8:47  Zergling x2  
  176  8:52  Zergling x2  
  176  8:54  Overlord  
  177  8:57  Zergling x12  
  177  8:59  Zergling x2  
  184  9:05  Zergling x2  
  184  9:08  Zergling x2  
  184  9:09  Overlord  
  186  9:13  Zergling x6  
  189  9:20  Drone x2  
  189  9:21  Drone  
  189  9:24  Drone x2, Overlord  
  194  9:28  Baneling x11  
  194  9:29  Baneling x3  
  194  9:34  Drone  
  194  9:36  Extractor  
  194  9:38  Baneling x5  
  196  9:42  Extractor  
Show
View Real Time Build Order
Export as new Build Order

A.I. 1 (Very Easy) Terran - Winner!

Build Orders:  

Get SALT Encoding   

  12  0:00  SCV  
  13  0:13  SCV  
  14  0:18  Supply Depot  
  14  0:37  Refinery  
  14  0:42  Barracks  
  14  1:04  Supply Depot  
  14  1:11  Refinery  
  14  1:29  Marine, Orbital Command  
  15  1:54  SCV  
  16  2:06  SCV  
  17  2:16  Marine  
  17  2:18  SCV  
  19  2:31  SCV  
  19  2:35  Barracks Tech Lab  
  20  2:43  SCV  
  21  2:55  SCV  
  22  3:03  Marauder  
  24  6:44  SCV  
  24  6:45  Marine  
  24  6:47  Supply Depot  
  26  6:49  Factory  
  26  6:52  Command Center  
  26  6:56  SCV  
  27  7:08  SCV  
  27  7:10  Supply Depot  
  28  7:16  Marine  
  28  7:20  SCV  
  26  7:38  Starport  
  26  7:46  Marine  
  27  8:04  SCV  
  28  8:12  SCV  
  29  8:13  Refinery x2  
  29  8:17  Starport Tech Lab, Marine  
  29  8:19  SCV  
  31  8:26  SCV  
  32  8:33  SCV  
  33  8:35  Raven  
  33  8:40  SCV  
  36  8:47  SCV  
  37  8:49  Marauder  
  37  8:55  SCV  
  40  9:02  SCV  
  41  9:09  SCV  
  42  9:16  SCV  
  43  9:19  Marine  
  43  9:23  SCV  
  47  9:30  SCV  
  48  9:38  SCV  
Tags
 
League
Diamond
Matchup
TvZ
Spawn Locations
Cross Positions
Add a new tag
Caveats
  • Supply blocks, unpowered buildings, or Contaminate may cause inaccurate times.
  • Supply counts are checked every 10 seconds.